 Dungeon Crawl Stone Soup version 0.30-a0-852-g08b95dd62f (webtiles) character file.

Game seed: 7057746041806879570

331 avis the Shooter (level 6, -1/51 HPs)
             Began as a Demigod Hexslinger on Mar 4, 2023.
             Killed by nerve-wracking pain
             ... invoked by Menkaure
              (12 damage)
             ... on level 5 of the Dungeon on Mar 5, 2023.
             The game lasted 00:29:50 (4586 turns).

avis the Shooter (Demigod Hexslinger)               Turns: 4586, Time: 00:29:51

Health: -1/51      AC:  7    Str: 17    XL:     6   Next: 5%
Magic:  11/11      EV: 12    Int: 15    God:
Gold:   232        SH:  5    Dex: 22    Spells: 8/9 levels left

rFire   . . .      SeeInvis .    a - +3 dagger
rCold   . . .      Faith    .    (no shield)
rNeg    . . .      Spirit   .    E - +3 leather armour
rPois   .          Reflect  +    (no helmet)
rElec   .          Rampage  .    (no cloak)
rCorr   .                        v - +0 pair of gloves
Will    .....                    (no boots)
Stlth   ++                       p - amulet of reflection
HPRegen 0.28/turn                s - +6 ring of strength
MPRegen 0.12/turn                (no ring)

@: attractive, invisible
A: high MP 1, forlorn, divine attributes
a: no special abilities


You were on level 5 of the Dungeon.
You visited 1 branch of the dungeon, and saw 5 of its levels.

You collected 232 gold pieces.

Inventory:

Hand Weapons
 a - a +3 dagger (weapon)
 b - a +1 sling
 w - a +1 mace of protection
 I - a +0 long sword
Missiles
 e - 2 throwing nets
 h - 9 poisoned darts
 L - 5 curare-tipped darts
Armour
 k - a +2 robe
 v - a +0 pair of gloves (worn)
 E - a +3 leather armour (worn)
Magical Staves
 o - a staff of conjuration
 J - a staff of earth
Jewellery
 p - an amulet of reflection (around neck)
 s - a +6 ring of strength (left hand)
 t - an amulet of guardian spirit
Wands
 z - a wand of light (6)
 G - a wand of digging (3)
Scrolls
 c - 2 scrolls of magic mapping {unknown}
 d - a scroll of summoning {unknown}
 f - a scroll of poison
 g - a scroll of fog {unknown}
 i - 6 scrolls of identify {unknown}
 j - 2 scrolls of immolation {unknown}
 n - 2 scrolls of enchant armour {unknown}
 q - a scroll of enchant weapon {unknown}
 u - a scroll of blinking {unknown}
 y - a scroll of noise {unknown}
 A - a scroll of amnesia {unknown}
 C - 3 scrolls of teleportation {unknown}
 F - a scroll of vulnerability {unknown}
 K - a scroll of fear {unknown}
Potions
 l - a potion of invisibility
 m - a potion of degeneration {unknown}
 r - a potion of lignification {unknown}
 x - 2 potions of curing {unknown}
 B - 2 potions of attraction
 D - a potion of magic {unknown}
 H - a potion of mutation {unknown}


   Skills:
 - Level 3.0 Fighting
 * Level 4.1 Ranged Weapons
 - Level 2.0 Dodging
 - Level 2.0 Stealth
 - Level 2.0 Spellcasting
 - Level 3.0 Hexes


You had 8 spell levels left.
You knew the following spells:

 Your Spells              Type           Power      Damage    Failure   Level
a - Slow                  Hex            40%        N/A       8%          1

Your spell library contained the following spells:

 Spells                   Type           Power      Damage    Failure   Level
 Freeze                   Ice            4%         1d3       26%         1
 Dazzling Flash           Conj/Hex       12%        N/A       41%         3
 Inner Flame              Hex/Fire       6%         N/A       41%         3
 Portal Projectile        Hex/Tloc       12%        N/A       41%         3
 Cause Fear               Hex            5%         N/A       61%         4
 Frozen Ramparts          Ice            2%         1d1       63%         3
 Hailstorm                Conj/Ice       1%         3d3       63%         3
 Silence                  Hex/Air        3%         N/A       99%         5
 Agony                    Necr           1%         N/A       100%        5


Dungeon Overview and Level Annotations

Branches:
Dungeon (5/15)
 Temple: D:4-7

Annotations:
D:3 1 runed translucent door, exclusion: door, Crazy Yiuf
D:5 Ijyb, Menkaure


Innate Abilities, Weirdness & Mutations

You have an increased reservoir of magic. (+10% MP)
You shall have no god before yourself.
Your divine heritage dramatically boosts your attributes as you level up.


Message History

It was a potion of attraction.
You feel attractive to monsters.
It was a potion of invisibility.
You fade into invisibility!
The steam dragon is no longer moving slowly.
The steam dragon breathes steam at you. The ball of steam misses you.
You hear a shout!
Really walk into that cloud of steam?
* * * LOW HITPOINT WARNING * * *
The steam dragon is attracted toward you.
The steam dragon is attracted toward you.
Menkaure is attracted toward you.
The steam dragon is attracted toward you.
The steam dragon is attracted toward you.
Menkaure is attracted toward you.
Menkaure's bandages flutter.
Menkaure is attracted toward you.
The steam dragon is attracted toward you.
The steam dragon is attracted toward you.
The steam dragon is attracted toward you.
The steam dragon is attracted toward you.
Menkaure is attracted toward you.
The steam dragon is attracted toward you.
The steam dragon is attracted toward you.
Menkaure gestures wildly while chanting.
Menkaure seems to speed up.
Menkaure is attracted toward you.
The steam dragon is attracted toward you.
Menkaure attacks as you move away! Menkaure hits you but does no damage.
Menkaure attacks as you move away! You block Menkaure's attack.
The steam dragon breathes steam at Menkaure.
The ball of steam hits Menkaure!
The steam dragon is attracted toward you.
Menkaure is engulfed in a cloud of scalding steam.
Menkaure points at you and mumbles some strange words.
Pain shoots through your body!
* * * LOW HITPOINT WARNING * * *
Menkaure points at you and mumbles some strange words.
Pain shoots through your body!
You die...

....§# ##.## .§...#
####...# .8.8.###
#......#
.......###.....######
...8....##.......##.#
.........#........#.##
.#............#......#
........#...§.##.....#
........###.#§DM@.####
##..........##.§§..#
...........#.#.§.###
..........##.....#
#......##........#
~...~.#.........# .
#>###....##
#######.###
#...###[..###


You could see a steam dragon (unable to see you) and Menkaure (fast).

Vanquished Creatures
  A hound (D:3)
  Jessica (D:2)
  3 iguanas
  An orc wizard (D:4)
  5 adders
  A white imp (D:5)
  2 ufetubi
  6 worms
  4 dart slugs
  12 orcs
  6 ball pythons
  3 bats
  3 endoplasms
  3 giant cockroaches
  4 hobgoblins
  3 jackals (D:2)
  7 kobolds
  4 quokkas
  2 frilled lizards
  3 goblins
  10 rats
84 creatures vanquished.

Vanquished Creatures (others)
  23 fungi (D:4)
23 creatures vanquished.

Grand Total: 107 creatures vanquished

Notes
Turn   | Place    | Note
-------+----------+-------------------------------------------
     0 | D:1      | avis the Demigod Hexslinger began the quest for the Orb.
     0 | D:1      | Reached XP level 1. HP: 15/15 MP: 4/4
    28 | D:1      | Reached skill level 1 in Fighting
    43 | D:1      | Reached skill level 2 in Ranged Weapons
   405 | D:1      | Reached skill level 1 in Stealth
   538 | D:1      | Reached XP level 2. HP: 23/23 MP: 3/5
   945 | D:2      | Noticed Jessica
   953 | D:2      | Killed Jessica
   954 | D:2      | Reached XP level 3. HP: 15/29 MP: 4/6
  1382 | D:2      | Reached skill level 3 in Ranged Weapons
  1493 | D:2      | Reached XP level 4. HP: 36/36 MP: 8/8
  2244 | D:3      | Found a runed translucent door.
  2245 | D:3      | Noticed Crazy Yiuf
  2693 | D:3      | Reached skill level 4 in Ranged Weapons
  2833 | D:4      | Reached XP level 5. HP: 41/41 MP: 6/9
  3857 | D:5      | Entered Level 5 of the Dungeon
  3955 | D:5      | Noticed Ijyb
  3960 | D:5      | Noticed Menkaure
  4304 | D:5      | Noticed an ogre
  4466 | D:5      | Reached XP level 6. HP: 51/51 MP: 9/11
  4556 | D:5      | Noticed a steam dragon
  4586 | D:5      | Killed from afar by Menkaure

Illustrated notes

Levels and vault maps discovered:
D:1:      scummos_arrival_hexagon, layout_basic, grunt_decor_one_mirror
D:2:      layout_loops_ring, uniq_jessica
D:3:      layout_rooms, chequers_ecumenical_altar_grove, uniq_crazy_yiuf_cottage
D:4:      layout_cave_pools, old_standard_altar,
          mainiacjoe_overflow_catch_the_wave
D:5:      kennysheep_steamy, layout_cave_pools, serial_column_ruins,
          column_ruins_hut, column_ruins_columns_corner, column_ruins_open_tiny,
          column_ruins_corridor_straight, column_ruins_open_tiny, uniq_menkaure,
          uniq_ijyb

Skill      XL: |  1  2  3  4  5 |
---------------+----------------+-----
Fighting       | 1 2 3 |  3.0
Ranged Weapons | 2 3 4 |  4.1
Dodging        | 2 |  2.0
Stealth        | 1 2 |  2.0
Hexes          | 3 |  3.0
Spellcasting   | 2 |  2.0

Action                     |  1- 3 |  4- 6 || total
---------------------------+-------+-------++-------
  Melee: Dagger            |    15 |   116 ||   131
         Punch             |       |     1 ||     1
   Fire: Sling             |   109 |   149 ||   258
   Cast: Slow              |    30 |    50 ||    80
    Use: Potion            |       |     2 ||     2
 Armour: Robe              |     8 |    17 ||    25
         Leather armour    |       |    19 ||    19
  Dodge: Dodged            |    31 |    93 ||   124
  Block: Other             |     1 |    35 ||    36
         Reflection        |     1 |     1 ||     2

Table legend: (Time is in decaauts)
 A = Elapsed time spent in this place.
 B = Non-inter-level travel time spent in this place.
 C = Inter-level travel time spent in this place.
 D = Time resting spent in this place.
 E = Time spent auto-exploring this place.
 F = Levels seen in this place.
 G = Mean time per level.
                   A        B        C        D        E       F      G
               +--------+--------+--------+--------+--------+-----+--------+
         Total |   4644 |   4153 |    491 |   1042 |   1690 |   5 |  928.8 |
       Dungeon |   4644 |   4153 |    491 |   1042 |   1690 |   5 |  928.8 |
               +--------+--------+--------+--------+--------+-----+--------+

Top non-repeatable levels by time:
     D:4: 1257 daAuts
     D:1: 1118 daAuts
     D:3: 1010 daAuts
     D:2: 924 daAuts
     D:5: 334 daAuts
